[Event "Late-Titled-Tuesday-Blitz-October-03-2023"]
[Site "Chess.com"]
[Date "2023.10.03"]
[Round "9"]
[White "Onthequiet"]
[Black "GAusal"]
[Result "0-1"]
[WhiteElo "2398"]
[BlackElo "2290"]
[TimeControl "180+1"]
[EndTime "15:38:32 PDT"]
[Termination "GAusal won by resignation"]

1. d4 d5 2. Nf3 c6 3. c4 Nf6 4.
e3 Bg4 5. Qb3 Qb6 6. Nc3 Qxb3 7.
axb3 Bxf3 8. gxf3 e6 9. e4 Be7 10. Bd3 g6 11. Bf4 Nh5 12. Bxb8 Rxb8 13. Rxa7 Nf4 14. Kd2 Bh4 15. Rf1 O-O 16. cxd5 exd5 17.
e5 Ne6 18. Ne2 Bg5+ 19. Kc3 Rfc8 20. b4 b6 21. Ba6 Rd8 22. Ra1 c5 23. b5 Bf4 24. Nxf4 Nxf4 25. dxc5 bxc5 26. Bb7 Ne2+ 27. Kd2 Nd4 28. Ra8 Nb3+ 29. Ke3 Nxa1 0-1

[Event "Late-Titled-Tuesday-Blitz-October-03-2023"]
[Site "Chess.com"]
[Date "2023.10.03"]
[Round "9"]
[White "victormago"]
[Black "RETURNOFTHELAGGER"]
[Result "0-1"]
[WhiteElo "2522"]
[BlackElo "2685"]
[TimeControl "180+1"]
[EndTime "15:38:43 PDT"]
[Termination "RETURNOFTHELAGGER won by resignation"]

1. d4 Nf6 2. c4 g6 3. Nc3 d5 4.
cxd5 Nxd5 5. e4 Nxc3 6. bxc3 Bg7 7. Nf3 O-O 8. Be2 c5 9. O-O b6 10. Be3 cxd4 11. cxd4 Bb7 12. Bd3 Nc6 13. d5 Nb4 14. Bd4 Bxd4 15. Nxd4 e6 16. a3 Nxd3 17. Qxd3 exd5 18.
e5 Qh4 19. f4 Rac8 20. Rae1 Rc4 21. g3 Qe7 22. f5 Qc5 23. Rd1 Ba6 24. fxg6 hxg6 25.
e6 Qxd4+ 26. Qxd4 Rxd4 27. e7 Re8 28. Rxd4 Bxf1 29. Rxd5 Ba6 0-1

[Event "Late-Titled-Tuesday-Blitz-October-03-2023"]
[Site "Chess.com"]
[Date "2023.10.03"]
[Round "9"]
[White "Hikaru"]
[Black "Firouzja2003"]
[Result "0-1"]
[WhiteElo "3265"]
[BlackElo "3144"]
[TimeControl "180+1"]
[EndTime "15:38:44 PDT"]
[Termination "Firouzja2003 won by resignation"]

1. e4 c6 2. d4 d5 3. exd5 cxd5 4. Bd3 Nf6 5. c3 Bg4 6. Qb3 Qc7 7. h3 Bd7 8. g3 Nc6 9. Bf4 e5 10. dxe5 Nxe5 11. Bb5 Bc5 12. Bxd7+ Nfxd7 13. Qxd5 O-O-O 14. Kf1 g5 15. Bxg5 Nf6 16. Qb3 Qc6 17. Rh2 Ne4 18. Bxd8 Rxd8 19. Qc2 Bxf2 20. Ne2 Nc4 21. Nd4 0-1

[Event "Late-Titled-Tuesday-Blitz-October-03-2023"]
[Site "Chess.com"]
[Date "2023.10.03"]
[Round "9"]
[White "EsmeraldasAnderson03"]
[Black "NMZanette"]
[Result "1-0"]
[WhiteElo "2441"]
[BlackElo "2297"]
[TimeControl "180+1"]
[EndTime "15:38:44 PDT"]
[Termination "EsmeraldasAnderson03 won by resignation"]

1. d4 Nf6 2. c4 e6 3. Nc3 Bb4 4. f3 d5 5. a3 Bxc3+ 6. bxc3 O-O 7. cxd5 exd5 8. e3 c5 9. Bd3 Nc6 10. Kf2 Re8 11. g4 Nxg4+ 12. fxg4 Qh4+ 13. Kg2 Bxg4 14. Qf1 Re6 15. Qf2 Qg5 16. Qg3 Qh5 17. Nh3 g5 18.
Nxg5 Qxg5 19. h3 h5 20. hxg4 hxg4 21. e4 Qg7 22. exd5 1-0

[Event "Late-Titled-Tuesday-Blitz-October-03-2023"]
[Site "Chess.com"]
[Date "2023.10.03"]
[Round "9"]
[White "Leebit02"]
[Black "chessajedrezz2020"]
[Result "1-0"]
[WhiteElo "2514"]
[BlackElo "2676"]
[TimeControl "180+1"]
[EndTime "15:38:45 PDT"]
[Termination "Leebit02 won on time"]

1. e4 e5 2. Nf3 Nc6 3. Bb5 a6 4.
Ba4 Nf6 5. O-O Be7 6. Re1 b5 7. Bb3 d6 8. h3 Na5 9. d4 Nxb3 10. axb3 Bb7 11. Nc3 b4 12. Nd5 Nxd5 13. exd5 Bxd5 14. dxe5 dxe5 15. Nxe5 O-O 16. Qg4 c6 17. Bf4 Re8 18. Rad1 Bf8 19. c4 Qc8 20. cxd5 1-0

[Event "Late-Titled-Tuesday-Blitz-October-03-2023"]
[Site "Chess.com"]
[Date "2023.10.03"]
[Round "9"]
[White "Alina_Gumerovna"]
[Black "campochess"]
[Result "0-1"]
[WhiteElo "2103"]
[BlackElo "2140"]
[TimeControl "180+1"]
[EndTime "15:38:48 PDT"]
[Termination "campochess won by resignation"]

1. e4 c5 2. Nf3 Nc6 3. d4 cxd4 4. Nxd4 e5 5. Nb5 a6 6. N5a3 Bc5 7. Bd3 Qh4 8. O-O Nf6 9. c3 d6 10. Qc2 Bh3 11.
gxh3 Qxh3 12. Nd2 Ng4 13. Nf3 Qxf3 14. b4 Ba7 15. b5 Ne7 16. bxa6 bxa6 17. Bxa6 O-O 18.
Bb7 Rab8 19. Bd5 Nxd5 20. exd5 f5 21. Bg5 f4 22. Rab1 Qh3 23. Bh4 Qxh4 24. Rxb8 Rxb8 25.
Rd1 Qxh2+ 26. Kf1 f3 27. Ke1 Qg1+ 28. Kd2 Qxf2+ 29. Kc1 Be3+ 0-1

[Event "Late-Titled-Tuesday-Blitz-October-03-2023"]
[Site "Chess.com"]
[Date "2023.10.03"]
[Round "9"]
[White "luizzy"]
[Black "wild3000"]
[Result "0-1"]
[WhiteElo "2577"]
[BlackElo "2431"]
[TimeControl "180+1"]
[EndTime "15:39:02 PDT"]
[Termination "wild3000 won by checkmate"]

1. b3 a5 2. c4 e6 3. a3 d5 4.
Nf3 d4 5. e3 c5 6. exd4 cxd4 7.
Bd3 Nc6 8. O-O Nf6 9. Re1 Be7 10.
Bb2 O-O 11. h3 b6 12. Be4 Nxe4 13. Rxe4 Bb7 14. d3 Bf6 15. Nbd2 e5 16. Re1 g6 17.
Ne4 Bg7 18. c5 Qd5 19. cxb6 Ra6 20. Nfd2 f5 21. Ng5 h6 22. Ngf3 Rxb6 23. Nc4 Ra6 24. Qc2 Re8 25. Nfd2 Nb4 26. axb4 Qxg2# 0-1

[Event "Late-Titled-Tuesday-Blitz-October-03-2023"]
[Site "Chess.com"]
[Date "2023.10.03"]
[Round "9"]
[White "RichardLeyvaP"]
[Black "lemures27"]
[Result "1-0"]
[WhiteElo "2626"]
[BlackElo "2479"]
[TimeControl "180+1"]
[EndTime "15:39:17 PDT"]
[Termination "RichardLeyvaP won by checkmate"]

1. e4 c5 2. Nf3 d6 3. d4 cxd4 4. Nxd4 Nf6 5. Nc3 a6 6. Bc4 e6 7.
Bb3 Qc7 8. g4 h6 9. h4 Nc6 10.
f3 Be7 11. Be3 Nxd4 12. Qxd4 e5 13. Qd2 Be6 14. O-O-O Rc8 15. Kb1 b5 16. g5 b4 17.
Ne2 Bxb3 18. cxb3 hxg5 19. hxg5 Rxh1 20. Rxh1 Nd7 21. f4 a5 22. f5 Bf8 23. Ng3 Qc6 24. Qd3 Be7 25. g6 fxg6 26. fxg6 Nf6 27. Rc1 Qb7 28. Rxc8+ Qxc8 29. Nf5 Qc6 30. Nxg7+ Kd7 31. Nf5 Nxe4 32. g7 Nf6 33. Nh6 Qh1+ 34. Bc1 Qg2 35.
Qb5+ Ke6 36. Qc4+ d5 37. Qc8+ Kd6 38. Nf5# 1-0

[Event "Late-Titled-Tuesday-Blitz-October-03-2023"]
[Site "Chess.com"]
[Date "2023.10.03"]
[Round "9"]
[White "marik_spb"]
[Black "angelgab3"]
[Result "1-0"]
[WhiteElo "2398"]
[BlackElo "2541"]
[TimeControl "180+1"]
[EndTime "15:39:17 PDT"]
[Termination "marik_spb won by resignation"]

1. e4 e5 2. Nf3 Nc6 3. Bc4 Bc5 4. c3 Nf6 5. d4 exd4 6. e5 d5 7. Bb5 Ne4 8. cxd4 Bb6 9. Nc3 O-O 10. Be3 Bf5 11.
Rc1 Ne7 12. O-O Bg4 13. h3 Bh5 14. Be2 f6 15. exf6 Nxf6 16. Ne5 Bxe2 17. Qxe2 Nf5 18.
Qd3 Nd6 19. Bg5 c6 20. Na4 Qe8 21. f4 Nfe4 22. Rce1 Nf7 23. Bh4 Nxe5 24. fxe5 Qh5 25. Be7 Rxf1+ 26. Rxf1 Re8 27. Bb4 h6 28. Nxb6 axb6 29.
Qf3 c5 30. Qxh5 1-0

[Event "Late-Titled-Tuesday-Blitz-October-03-2023"]
[Site "Chess.com"]
[Date "2023.10.03"]
[Round "9"]
[White "PNEPaul"]
[Black "APOKALIPSA13"]
[Result "0-1"]
[WhiteElo "1960"]
[BlackElo "2164"]
[TimeControl "180+1"]
[EndTime "15:39:18 PDT"]
[Termination "APOKALIPSA13 won by resignation"]

1. e4 e5 2. Nf3 f5 3. Nxe5 Qf6 4. d4 d6 5. Nc4 fxe4 6. Ne3 Qg6 7. Be2 Nf6 8. c4 Be7 9. Nc3 O-O 10. Qc2 Nc6 11.
d5 Nd4 12. Qd1 c5 13. dxc6 Nxc6 14. Ncd5 Bd8 15. Bd2 Nxd5 16. cxd5 Ne5 17. Bc3 Bb6 18. Qd2 Bd7 19. O-O-O Rxf2 20. Bxe5 dxe5 21. Rdf1 Rc8+ 22. Kb1 Rxg2 23. Nxg2 Qxg2 24. Rhg1 Bxg1 0-1

[Event "Late-Titled-Tuesday-Blitz-October-03-2023"]
[Site "Chess.com"]
[Date "2023.10.03"]
[Round "9"]
[White "Rozhkov_V"]
[Black "canary2016"]
[Result "1-0"]
[WhiteElo "2438"]
[BlackElo "2163"]
[TimeControl "180+1"]
[EndTime "15:39:19 PDT"]
[Termination "Rozhkov_V won on time"]

1. c4 Nf6 2. g3 g6 3. Bg2 Bg7 4.
Nc3 O-O 5. e3 e6 6. Nge2 d5 7.
b3 c6 8. Bb2 Nbd7 9. O-O e5 10.
cxd5 cxd5 11. Nxd5 Nxd5 12. Bxd5 Nb6 13. Bg2 Be6 14.
d4 exd4 15. Bxd4 Nd5 16. Bxg7 Kxg7 17. Nd4 Bc8 18. Qf3 Nf6 19. h3 Qb6 20. Rac1 Re8 21.
Qf4 Qa5 22. Rc7 Qxa2 23. Bxb7 Bxh3 24. Bd5 Rf8 25. Bxa8 Rxa8 26. Rc6 Bxf1 27. Qxf6+ Kg8 28. Rc7 Rf8 29. Ne6 1-0

[Event "Late-Titled-Tuesday-Blitz-October-03-2023"]
[Site "Chess.com"]
[Date "2023.10.03"]
[Round "9"]
[White "familijatop71"]
[Black "Hirna2005"]
[Result "0-1"]
[WhiteElo "2161"]
[BlackElo "2298"]
[TimeControl "180+1"]
[EndTime "15:39:19 PDT"]
[Termination "Hirna2005 won by resignation"]

1. e4 g6 2. d4 Bg7 3. Nc3 d6 4. Be3 a6 5. Qd2 b5 6. f3 Bb7 7. g4 Nd7 8. h4 h5 9. Bd3 hxg4 10. fxg4 Ngf6 11. g5 b4 12. gxf6 bxc3 13. Qxc3 Nxf6 14. d5 Qd7 15. O-O-O Rh7 16. Nf3 Nxd5 17. Qd2 Nxe3 18. Qxe3 Qa4 19. Kb1 Qb4 20. Qc1 Rb8 21. b3 Qc3 22. e5 Bxf3 23. Bxa6 Bxe5 0-1

[Event "Late-Titled-Tuesday-Blitz-October-03-2023"]
[Site "Chess.com"]
[Date "2023.10.03"]
[Round "9"]
[White "jinxy2009"]
[Black "Yushko_Olga"]
[Result "0-1"]
[WhiteElo "2254"]
[BlackElo "2125"]
[TimeControl "180+1"]
[EndTime "15:39:19 PDT"]
[Termination "Yushko_Olga won by resignation"]

1. e4 e6 2. d4 d5 3. e5 c5 4. c3 Nc6 5. Nf3 Qb6 6. Bd3 cxd4 7. O-O dxc3 8. Nxc3 Nge7 9. h4 Bd7 10. Be3 Qxb2 11.
Nb5 Rc8 12. Nd6+ Kd8 13. Nxf7+ Ke8 14. Nxh8 Nf5 15. Bxf5 exf5 16. Nd4 Nxe5 17. Bf4 Nc4 18. Re1+ Be7 19. Rxe7+ Kxe7 20. Qe1+ Kf8 21. Ne6+ Kg8 22.
Rb1 Qf6 23. Nc7 Bc6 24. Bg5 Qd6 25. Ne6 Re8 0-1

[Event "Late-Titled-Tuesday-Blitz-October-03-2023"]
[Site "Chess.com"]
[Date "2023.10.03"]
[Round "9"]
[White "BigAl"]
[Black "JoakimVonAnd"]
[Result "1-0"]
[WhiteElo "2573"]
[BlackElo "2706"]
[TimeControl "180+1"]
[EndTime "15:39:21 PDT"]
[Termination "BigAl won by checkmate"]

1. Nf3 Nf6 2. g3 b5 3. Bg2 Bb7 4. O-O e6 5. c3 c5 6. d4 d5 7.
a4 a6 8. axb5 axb5 9. Rxa8 Bxa8 10. Na3 Qa5 11. dxc5 b4 12. cxb4 Qxb4 13. Nc2 Qxc5 14.
Be3 Qc4 15. Ncd4 Be7 16. Qa1 Qa6 17. Qxa6 Nxa6 18. Ra1 Bb7 19. Nc6 Bd6 20. Na5 Bc8 21. Nd4 O-O 22. Nb5 Be5 23. Nc6 Bxb2 24. Ne7+ Kh8 25.
Ra2 Bd7 26. Nd6 Be5 27. Rxa6 Rb8 28. Nxf7# 1-0

[Event "Late-Titled-Tuesday-Blitz-October-03-2023"]
[Site "Chess.com"]
[Date "2023.10.03"]
[Round "9"]
[White "Byniolus"]
[Black "Herman-NY"]
[Result "0-1"]
[WhiteElo "2730"]
[BlackElo "2538"]
[TimeControl "180+1"]
[EndTime "15:39:29 PDT"]
[Termination "Herman-NY won on time"]

1. d4 Nf6 2. Nf3 g6 3. Bf4 Bg7 4. e3 d6 5. h3 O-O 6. Be2 Nfd7 7.
Bh2 e5 8. O-O Kh8 9. c4 f5 10.
Nc3 g5 11. dxe5 dxe5 12. Qc2 c6 13. Rad1 Qe7 14. e4 f4 15. Nd2 Nf6 16. a3 h5 17.
b4 g4 18. hxg4 hxg4 19. c5 b5 20. cxb6 axb6 21. Nc4 Nbd7 22. b5 cxb5 23. Nxb5 Qf7 24. Nc7 Ra7 25. Nd6 Qh5 26. Ne6 Nc5 27. Nxf8 Bxf8 28.
Bxf4 exf4 29. Rfe1 Rh7 0-1

[Event "Late-Titled-Tuesday-Blitz-October-03-2023"]
[Site "Chess.com"]
[Date "2023.10.03"]
[Round "9"]
[White "Dacean99"]
[Black "Inepton_Fermion"]
[Result "1/2-1/2"]
[WhiteElo "2535"]
[BlackElo "2417"]
[TimeControl "180+1"]
[EndTime "15:39:30 PDT"]
[Termination "Game drawn by stalemate"]

1. d4 Nf6 2. Nf3 e6 3. c4 b6 4. Nc3 Bb4 5. Bg5 Bb7 6. e3 h6 7. Bh4 g5 8. Bg3 Ne4 9. Qc2 h5 10. Bd3 Bxc3+ 11. bxc3 f5 12. Be5 Rg8 13. a4 d6 14. a5 dxe5 15. Nxe5 Nd7 16. a6 Nxe5 17. axb7 Nxd3+ 18. Qxd3 Rb8 19. Rxa7 Nc5 20. Qb1 Nxb7 21.
c5 Na5 22. Qb5+ Qd7 23. Rxa5 Qxb5 24. Rxb5 Kd7 25. cxb6 cxb6 26. O-O Kc6 27. Rfb1 Rb7 28. c4 Rgb8 29. Kf1 h4 30. Ke2 g4 31. g3 h3 32.
Kd3 Ra7 33. c5 Ra3+ 34. R5b3 Rxb3+ 35. Rxb3 b5 36. e4 fxe4+ 37. Kxe4 Rf8 38. f3 gxf3 39. Rxf3 Rxf3 40. Kxf3 Kd5 41. Ke3 e5 42. dxe5 Kxc5 43. Ke4 b4 44. g4 b3 45. Kd3 Kd5 46. e6 Kxe6 47. Kc3 Kf6 48. Kxb3 Kg5 49. Kc4 Kxg4 50. Kd3 Kf3 51. Kd2 Kg2 52. Ke2 Kxh2 53. Kf2 Kh1 54. Kf1 h2 55. Kf2 1/2-1/2

[Event "Late-Titled-Tuesday-Blitz-October-03-2023"]
[Site "Chess.com"]
[Date "2023.10.03"]
[Round "9"]
[White "vanyakuba"]
[Black "Likvidator228"]
[Result "0-1"]
[WhiteElo "2366"]
[BlackElo "2540"]
[TimeControl "180+1"]
[EndTime "15:39:33 PDT"]
[Termination "Likvidator228 won by resignation"]

1. e4 d6 2. d4 Nf6 3. Nc3 Nbd7 4. f4 e5 5. dxe5 dxe5 6. Bc4 Bd6 7. f5 Bb4 8. Nf3 O-O 9. Bg5 h6 10. Bh4 Qe7 11.
Qe2 c6 12. O-O b5 13. Bb3 Bxc3 14. bxc3 Qc5+ 15. Bf2 Qxc3 16. h3 a5 17. a3 Ba6 18.
Be1 Qc5+ 19. Bf2 Qe7 20. g4 Nc5 21. Nd2 Nxb3 22. cxb3 b4 23. Nc4 bxa3 24. Qe3 Bxc4 25. bxc4 Rfd8 26. Rxa3 a4 27. Rfa1 Rd4 28. Rxa4 Rxa4 29.
Rxa4 Rxe4 30. Qf3 Qb7 31. Ra1 Rxc4 32. Rd1 Nd5 33. h4 Qb4 34. g5 hxg5 35. hxg5 Rg4+ 36. Kh2 Rxg5 0-1

[Event "Late-Titled-Tuesday-Blitz-October-03-2023"]
[Site "Chess.com"]
[Date "2023.10.03"]
[Round "9"]
[White "maurovargas01"]
[Black "Gyulamiryan-koryun"]
[Result "0-1"]
[WhiteElo "1905"]
[BlackElo "1992"]
[TimeControl "180+1"]
[EndTime "15:39:33 PDT"]
[Termination "Gyulamiryan-koryun won on time"]

1. e4 e5 2. Nf3 Nc6 3. Bc4 Nf6 4.
O-O Bc5 5. d4 Nxd4 6. Nxe5 O-O 7.
Bg5 d6 8. Nd3 Bb6 9. Kh1 Be6 10.
Bb3 h6 11. Bh4 g5 12. Bg3 Nxe4 13. f4 Nxg3+ 14. hxg3 Bxb3 15. axb3 Nf5 16. Kh2 g4 17. Qxg4+ Ng7 18. f5 Qf6 19. Nc3 Qg5 20. Qf3 c6 21.
Ne4 Qh5+ 22. Qxh5 Nxh5 23. g4 Ng7 24. Nf4 d5 25. Nc3 Bc7 26. Ne2 Rfe8 27. Kg3 Rxe2 28.
Rh1 h5 0-1

[Event "Late-Titled-Tuesday-Blitz-October-03-2023"]
[Site "Chess.com"]
[Date "2023.10.03"]
[Round "9"]
[White "BeanScreen"]
[Black "reevecanada"]
[Result "0-1"]
[WhiteElo "2712"]
[BlackElo "2587"]
[TimeControl "180+1"]
[EndTime "15:39:34 PDT"]
[Termination "reevecanada won by resignation"]

1. e4 c5 2. Nf3 d6 3. d4 cxd4 4. Nxd4 Nf6 5. Nc3 a6 6. Be3 e5 7. Nb3 Be7 8. h3 Be6 9. f4 exf4 10. Bxf4 Nc6 11. Qe2 Ne5 12. O-O-O Qc8 13. g4 h6 14. Nd5 Bxd5 15. exd5 Nfd7 16. Nd4 g6 17. h4 Qc5 18. Nb3 Qc7 19. h5 g5 20. Be3 Nf6 21. Rg1 O-O-O 22. Qf2 Nfxg4 23. Bh3 Qd7 24. Bxg4 Nxg4 25.
Qxf7 Nxe3 26. Rge1 Nf5 27. Rd3 Rdf8 28. Rc3+ Kb8 29.
Qg6 Rhg8 30. Qe6 Qxe6 31. dxe6 g4 32. Na5 g3 33. Rb3 g2 34. Rxb7+ Kc8 35. Rg1 Bg5+ 36. Kb1 Be3 37. Rf7 Bxg1 38. Nc6 Bb6 39. a4 g1=Q+ 40. Ka2 Rxf7 41. exf7 Rf8 0-1

[Event "Late-Titled-Tuesday-Blitz-October-03-2023"]
[Site "Chess.com"]
[Date "2023.10.03"]
[Round "9"]
[White "egnfanclub"]
[Black "elmusmolamas"]
[Result "0-1"]
[WhiteElo "2377"]
[BlackElo "2519"]
[TimeControl "180+1"]
[EndTime "15:39:34 PDT"]
[Termination "elmusmolamas won by resignation"]

1. e4 e6 2. d4 d5 3. Nc3 dxe4 4.
Nxe4 Nf6 5. Nxf6+ gxf6 6. Nf3 a6 7. Bd3 Be7 8. O-O f5 9. Ne5 Nd7 10. Bf4 Nxe5 11. Bxe5 Bf6 12. Qe2 O-O 13. Rad1 Bd7 14. c4 Kh8 15. Qh5 Bxe5 16. dxe5 Qe7 17. Rfe1 Bc6 18. f4 Rg8 19. Bf1 Rg4 20. Qh6 Rag8 21.
g3 Rh4 22. Qf6+ Qxf6 23. exf6 Rxf4 24. Bg2 Rxc4 25. Bxc6 Rxc6 26. Rd7 Rf8 27. Red1 h6 28. Rd8 Rxd8 29. Rxd8+ Kh7 30. Rb8 Rc1+ 31. Kg2 Rc2+ 32.
Kh3 Rxb2 33. Rc8 Rc2 0-1

[Event "Late-Titled-Tuesday-Blitz-October-03-2023"]
[Site "Chess.com"]
[Date "2023.10.03"]
[Round "9"]
[White "ljuks68"]
[Black "Nf3c5"]
[Result "0-1"]
[WhiteElo "2378"]
[BlackElo "2567"]
[TimeControl "180+1"]
[EndTime "15:39:37 PDT"]
[Termination "Nf3c5 won by resignation"]

1. e4 c5 2. Nf3 Nc6 3. d4 cxd4 4. Nxd4 e5 5. Nb5 d6 6. c4 Be7 7. N1c3 a6 8. Na3 f5 9. Bd3 f4 10. g3 Nf6 11. gxf4 exf4 12. Bxf4 O-O 13. Bg3 Ng4 14.
Be2 Nxf2 15. Bxf2 Rxf2 16. Kxf2 Bh4+ 17. Kg2 Qg5+ 18. Bg4 Ne5 19. h3 h5 20. Rg1 hxg4 21. Kh1 g3 22. Qf1 Be6 23. Qg2 Nd3 24. Rab1 Rf8 25. Rbf1 Nf2+ 26. Rxf2 Rxf2 0-1

[Event "Late-Titled-Tuesday-Blitz-October-03-2023"]
[Site "Chess.com"]
[Date "2023.10.03"]
[Round "9"]
[White "zverr1"]
[Black "Road2GM3000"]
[Result "0-1"]
[WhiteElo "2496"]
[BlackElo "2384"]
[TimeControl "180+1"]
[EndTime "15:39:40 PDT"]
[Termination "Road2GM3000 won on time"]

1. e4 c5 2. Nf3 d6 3. Nc3 Nf6 4. e5 dxe5 5. Nxe5 e6 6. Bb5+ Nbd7 7. d4 a6 8. Bxd7+ Nxd7 9. Qf3 Nxe5 10. dxe5 Qc7 11. Bf4 Bd7 12. O-O-O O-O-O 13. Bg5 Bc6 14. Rxd8+ Qxd8 15. Qxc6+ bxc6 16. Bxd8 Kxd8 17. Rd1+ Kc7 18.
Ne4 Be7 19. b3 c4 20. bxc4 Ba3+ 21. Kd2 Rb8 22. Re1 Rb2 23. Re3 Rxa2 24. Rf3 Bb4+ 25. Kd3 a5 26. Rxf7+ Kb6 27. Ng5 a4 28. Nxe6 Ra3+ 29.
Ke2 Rc3 30. Rxg7 a3 31. Rg8 a2 0-1

[Event "Late-Titled-Tuesday-Blitz-October-03-2023"]
[Site "Chess.com"]
[Date "2023.10.03"]
[Round "9"]
[White "filipluczak05"]
[Black "Bauman_Guy"]
[Result "0-1"]
[WhiteElo "2606"]
[BlackElo "2858"]
[TimeControl "180+1"]
[EndTime "15:39:43 PDT"]
[Termination "Bauman_Guy won by resignation"]

1. d4 Nf6 2. Nc3 d5 3. Bf4 Bf5 4. e3 e6 5. f3 Bd6 6. g4 Bg6 7.
Nge2 c5 8. h4 cxd4 9. exd4 h5 10. g5 Ng8 11. Qd2 Nc6 12. a3 Nge7 13. Bh3 Bf5 14. Ng3 Bxh3 15. Rxh3 Rc8 16. Rh2 Na5 17. Bxd6 Qxd6 18. Kf2 Nc4 19. Qc1 Nf5 20. Nce2 Nce3 21. c3 Nxg3 22. Nxg3 Nf5 23. Qg1 Ne7 24. Kg2 g6 25.
Kh1 O-O 26. Qe3 b5 27. Rg1 a5 28. Rhg2 Kg7 29. f4 b4 30. axb4 axb4 31. f5 Nxf5 32. Nxf5+ exf5 33. Qf3 Rfe8 34. Rf1 Re4 35. Qh3 bxc3 36.
bxc3 Qe6 37. Rh2 Re3 38. Qg2 Rcxc3 0-1

[Event "Late-Titled-Tuesday-Blitz-October-03-2023"]
[Site "Chess.com"]
[Date "2023.10.03"]
[Round "9"]
[White "Garmendiarov"]
[Black "chessmoo"]
[Result "1-0"]
[WhiteElo "2342"]
[BlackElo "2450"]
[TimeControl "180+1"]
[EndTime "15:39:49 PDT"]
[Termination "Garmendiarov won on time"]

1. d4 d5 2. Bf4 Nf6 3. e3 c6 4.
c4 Bf5 5. Nc3 e6 6. Qb3 Qb6 7.
c5 Qxb3 8. axb3 Be7 9. h3 O-O 10.
b4 a6 11. b5 cxb5 12. Bxb5 Nc6 13. Ba4 Rfd8 14. Nf3 Bd3 15. Kd2 Bg6 16. Bxc6 bxc6 17. Ne5 Rdc8 18. Ra2 Ne8 19. Rha1 Nc7 20. Nxc6 Bf8 21.
Bxc7 Rxc7 22. Rxa6 Rac8 23. Ne5 Bf5 24. g4 Be4 25. Nxe4 dxe4 26. b4 Rd8 27. Kc3 f6 28.
Nc4 e5 29. b5 exd4+ 30. exd4 Bxc5 31. dxc5 Rxc5 32. Rc6 Rcd5 33. Ra7 Rb8 34. Rcc7 Rbxb5 35. Rc8+ 1-0

[Event "Late-Titled-Tuesday-Blitz-October-03-2023"]
[Site "Chess.com"]
[Date "2023.10.03"]
[Round "9"]
[White "Msb2"]
[Black "Zhigalko_Sergei"]
[Result "1-0"]
[WhiteElo "3074"]
[BlackElo "2957"]
[TimeControl "180+1"]
[EndTime "15:39:56 PDT"]
[Termination "Msb2 won by checkmate"]

1. d4 Nf6 2. c4 e6 3. Nc3 Bb4 4. e3 O-O 5. Bd2 b6 6. Nf3 Bb7 7. Bd3 Bxc3 8. Bxc3 Ne4 9. Bxe4 Bxe4 10. d5 f6 11. Nd2 Bg6 12. h4 h6 13. Qg4 Qe8 14. e4 Na6 15. O-O-O Bh5 16. Qg3 Bxd1 17. Rxd1 d6 18.
f3 Nc5 19. Nf1 Qa4 20. Ne3 Qxa2 21. dxe6 Nxe6 22. Qg4 Rae8 23. Rd5 Rf7 24. Nf5 Kf8 25. Ne3 a5 26. Qg6 Nf4 27. Qh7 Ke7 28. Rd2 a4 29. g3 Ne6 30. Qg6 a3 31. Nf5+ Kd8 32.
Qxf7 Qa1+ 33. Kc2 a2 34. Nxd6 Qb1+ 35. Kb3 Nc5+ 36. Kb4 Nd3+ 37. Rxd3 c5+ 38. Kb5 Re7 39. Qf8+ Kd7 40. Qc8# 1-0

[Event "Late-Titled-Tuesday-Blitz-October-03-2023"]
[Site "Chess.com"]
[Date "2023.10.03"]
[Round "9"]
[White "chosenpr"]
[Black "shirovin"]
[Result "1-0"]
[WhiteElo "2247"]
[BlackElo "2070"]
[TimeControl "180+1"]
[EndTime "15:39:56 PDT"]
[Termination "chosenpr won by checkmate"]

1. e4 c5 2. Nf3 d6 3. d4 cxd4 4. Qxd4 Bd7 5. c4 Nc6 6. Qd2 Nf6 7. Nc3 g6 8. Be2 Bg7 9. O-O O-O 10. Rb1 a6 11. b4 Rc8 12. a3 Bg4 13. Nd4 Nxd4 14. Qxd4 Nd7 15. Qe3 Bxe2 16. Nxe2 Rxc4 17. Bb2 Qc7 18.
Rfc1 Rc8 19. Rxc4 Qxc4 20. Rc1 Qe6 21. Rxc8+ Bf8 22. Qh6 f6 23. Qe3 Qa2 24. Qc3 Qb1+ 25.
Nc1 Qxe4 26. h3 Ne5 27. Qe3 Qf5 28. Rb8 Qc2 29. Qc3 Qd1+ 30. Kh2 b5 31. Qc8 Kf7 32. Qxf8+ Ke6 33. Qc8+ Kf7 34. Qc3 d5 35. Qc8 Qd2 36. Qg8# 1-0

[Event "Late-Titled-Tuesday-Blitz-October-03-2023"]
[Site "Chess.com"]
[Date "2023.10.03"]
[Round "9"]
[White "Harsha_Bharathakoti"]
[Black "NMJeevanK"]
[Result "1-0"]
[WhiteElo "2922"]
[BlackElo "2585"]
[TimeControl "180+1"]
[EndTime "15:39:57 PDT"]
[Termination "Harsha_Bharathakoti won on time"]

1. d4 d6 2. e4 Nf6 3. Nc3 e5 4. Nf3 Nbd7 5. Rg1 g6 6. g4 Bg7 7. Be3 O-O 8. Be2 exd4 9. Nxd4 Nc5 10. f3 Nfd7 11. Bf2 Bh6 12. h4 Bf4 13. Nd5 Be5 14. Qd2 c6 15. Nc3 Nb6 16. f4 Bxd4 17. Qxd4 Ne6 18.
Qd2 d5 19. O-O-O dxe4 20. Qe3 Nd5 21. Nxd5 cxd5 22. f5 Ng7 23. Qh6 Bxf5 24. gxf5 Nxf5 25. Qf4 Qf6 26. Rxd5 Rac8 27. Qxf5 Qc6 28. Rc5 1-0

[Event "Late-Titled-Tuesday-Blitz-October-03-2023"]
[Site "Chess.com"]
[Date "2023.10.03"]
[Round "9"]
[White "ozates"]
[Black "rdarruda"]
[Result "1-0"]
[WhiteElo "2641"]
[BlackElo "2482"]
[TimeControl "180+1"]
[EndTime "15:39:58 PDT"]
[Termination "ozates won by resignation"]

1. c4 Nf6 2. Nc3 e5 3. g3 Nc6 4. Bg2 d6 5. e4 Be7 6. Nge2 O-O 7. O-O Be6 8. d3 Qd7 9. f4 Bh3 10. f5 Bxg2 11. Kxg2 Nd4 12. h3 Nxe2 13. Qxe2 c6 14. g4 h6 15. h4 Nh7 16. g5 hxg5 17. hxg5 Bxg5 18. Rh1 Bxc1 19. Raxc1 Ng5 20. Rcg1 f6 21. Qh5 Qe8 22. Qh4 Kf7 23. Kf2 Rh8 24. Qg4 Qd7 25. Rh5 Rag8 26. Ne2 Rxh5 27. Qxh5+ Kf8 28. Rg4 Qf7 29.
Qh4 d5 30. exd5 cxd5 31. Nc3 dxc4 32. dxc4 e4 33. Nxe4 Qxc4 34. Nxg5 Qc2+ 35. Kg1 fxg5 36. Qxg5 Qb1+ 37. Kg2 Qxb2+ 38. Kf3 Qc3+ 39. Ke4 Qc6+ 40. Kd3 Kf7 41. Qh5+ Ke7 42. Re4+ Kd8 43. Qf7 Qd7+ 44. Rd4 1-0

[Event "Late-Titled-Tuesday-Blitz-October-03-2023"]
[Site "Chess.com"]
[Date "2023.10.03"]
[Round "9"]
[White "Metadast"]
[Black "Quattroporte300"]
[Result "0-1"]
[WhiteElo "2521"]
[BlackElo "2383"]
[TimeControl "180+1"]
[EndTime "15:40:02 PDT"]
[Termination "Quattroporte300 won on time"]

1. e4 c5 2. a3 Nc6 3. b4 cxb4 4. axb4 Nxb4 5. c3 Nc6 6. d4 d5 7. exd5 Qxd5 8. Na3 Qd8 9. Nf3 Nf6 10. Nb5 Bg4 11.
d5 Ne5 12. Bf4 Nfd7 13. Be2 Bxf3 14. Bxf3 g6 15. d6 exd6 16. Bxb7 Rb8 17. Nxd6+ Bxd6 18. Qxd6 Rxb7 19. Rd1 Qe7 20. Qd5 Nd3+ 21. Kd2 Nxf4 22. Qxb7 O-O 23. Rhe1 Qd6+ 24. Kc2 Nc5 0-1

[Event "Late-Titled-Tuesday-Blitz-October-03-2023"]
[Site "Chess.com"]
[Date "2023.10.03"]
[Round "9"]
[White "Bilan_Danila"]
[Black "carokannlover213"]
[Result "0-1"]
[WhiteElo "2547"]
[BlackElo "2721"]
[TimeControl "180+1"]
[EndTime "15:40:04 PDT"]
[Termination "carokannlover213 won on time"]

1. d4 d5 2. Nf3 Nf6 3. c4 dxc4 4. e3 e6 5. Bxc4 a6 6. O-O c5 7. a4 Nc6 8. Nc3 cxd4 9. exd4 Nb4 10. Bg5 Be7 11.
Qe2 O-O 12. Rad1 Nfd5 13. Bxe7 Nxe7 14. Ne5 Nbd5 15. Rd3 Nf4 16. Qe4 Nxd3 17. Bxd3 Ng6 18. h4 f5 19. Qe3 Nxe5 20. Qxe5 Qxh4 21. d5 Qf6 22. Qc7 Qd8 23. Qc5 Bd7 24. Re1 Rc8 25. Qd6 e5 26. Rxe5 Qf6 27. Qxf6 Rxf6 28. a5 Re8 29. Rxe8+ Bxe8 30. f4 Bd7 31. Kf2 b6 32. b4 b5 33. Ke3 Kf7 0-1